Map: Overgrowth LE (Void)

Players

Amix - Winner!

  • Race: Zerg Zerg
  • League: Platinum
  • Spawn Location: 1:00

BabyToad

  • Race: Protoss Protoss
  • League: Platinum
  • Spawn Location: 7:00

VOD

Have the link to the VOD?

Description

Time

  • Played on: Dec. 21, 2016, 10:12 a.m.
  • Length: 7:38
Show
View Real Time Build Order
Export as new Build Order

Amix Zerg - Winner!

Build Orders: Hatch First 

Get SALT Encoding   

  12  0:01  Drone  
  13  0:08  Drone  
  14  0:17  Overlord  
  14  0:27  Drone, Extractor  
  15  0:35  Drone x2  
  17  0:54  Hatchery  
  16  0:57  Drone  
  16  1:00  Extractor  
  16  1:01  Drone  
  17  1:17  Spawning Pool  
  16  1:22  Drone x2  
  18  1:32  Drone  
  19  1:37  Drone  
  20  1:48  Overlord  
  20  2:03  Metabolic Boost  
  20  2:05  Queen  
  22  2:11  Queen  
  24  2:18  Zergling x4  
  24  2:20  Drone  
  24  2:21  Drone  
  28  2:27  Drone  
  29  2:31  Drone  
  30  2:38  Drone  
  30  2:41  Pneumatized Carapace  
  31  2:46  Queen  
  31  2:49  Overlord  
  33  2:55  Drone  
  33  2:56  Evolution Chamber  
  33  3:00  Zergling x4  
  33  3:05  Overlord  
  35  3:12  Overlord  
  35  3:14  Zergling x2  
  35  3:16  Zergling x2  
  35  3:19  Zergling x2  
  38  3:28  Zergling x10  
  43  3:38  Zergling x2  
  47  3:48  Zergling x8  
  48  3:56  Zergling x8  
  48  4:00  Zergling x4  
  54  4:13  Queen x2  
  54  4:16  Zergling x2  
  59  4:20  Overlord  
  59  4:24  Overlord  
  59  4:27  Zergling x2  
  60  4:38  Zergling x8  
  60  4:39  Zergling x2  
  60  4:40  Zergling x2  
  50  5:43  Zergling x12  
  50  5:46  Spore Crawler  
  52  5:50  Spore Crawler  
  44  6:12  Zergling x8  
  44  6:15  Lair  
  48  6:21  Spine Crawler  
  48  6:24  Spine Crawler  
  46  6:29  Drone x4, Roach Warren  
  49  6:51  Zergling x12  
Show
View Real Time Build Order
Export as new Build Order

BabyToad Protoss 

Build Orders: 1 Gate Expand, Dark Templar Rush 

Get SALT Encoding   

  12  0:01  Probe (Chrono Boost)  
  13  0:12  Probe (Chrono Boost)  
  14  0:22  Probe (Chrono Boost)  
  14  0:24  Pylon  
  16  0:43  Gateway, Probe (Chrono Boost)  
  16  0:53  Probe (Chrono Boost)  
  17  0:57  Assimilator  
  17  1:04  Probe (Chrono Boost)  
  18  1:14  Probe (Chrono Boost)  
  19  1:23  Nexus  
  19  1:33  Probe (Chrono Boost)  
  19  1:40  Pylon  
  19  1:43  Probe (Chrono Boost)  
  20  1:47  Gateway  
  20  1:54  Probe (Chrono Boost)  
  21  1:56  Assimilator  
  21  2:04  Probe (Chrono Boost)  
  22  2:11  Cybernetics Core  
  22  2:15  Probe (Chrono Boost)  
  23  2:26  Probe (Chrono Boost)  
  23  2:27  Zealot, Pylon  
  24  2:36  Warp Gate, Probe (Chrono Boost)  
  28  2:38  Probe (Chrono Boost)  
  28  2:46  Probe (Chrono Boost)  
  28  2:47  Adept  
  31  2:55  Twilight Council  
  32  2:59  Probe (Chrono Boost)  
  32  3:01  Probe (Chrono Boost)  
  33  3:08  Sentry  
  37  3:14  Probe (Chrono Boost)  
  37  3:17  Assimilator  
  36  3:21  Mothership Core (Chrono Boost)  
  36  3:22  Assimilator  
  36  3:26  Probe (Chrono Boost)  
  39  3:38  Probe (Chrono Boost)  
  39  3:39  Probe (Chrono Boost)  
  41  3:49  Probe (Chrono Boost)  
  41  3:50  Probe (Chrono Boost)  
  43  3:57  Dark Shrine  
  43  4:00  Probe (Chrono Boost), Gateway  
  43  4:02  Gateway, Probe (Chrono Boost)  
  45  4:05  Pylon  
  45  4:10  Probe (Chrono Boost)  
  45  4:14  Probe (Chrono Boost)  
  47  4:18  Robotics Facility  
  47  4:21  Probe (Chrono Boost)  
  47  4:22  Adept  
  47  4:24  Adept  
  52  4:41  Probe (Chrono Boost)  
  52  4:43  Probe (Chrono Boost)  
  54  4:52  Probe (Chrono Boost)  
  53  4:58  Pylon  
  35  5:00  Pylon  
  35  5:02  Pylon  
  27  5:14  Dark Templar x3  
  27  5:17  Sentry  
  27  5:19  Dark Templar  
  26  5:37  Immortal  
  26  5:42  Dark Templar  
  15  5:52  Dark Templar  
  14  6:09  Probe x2 (Chrono Boost)  
  16  6:21  Probe x2 (Chrono Boost)  
  20  6:33  Probe x2 (Chrono Boost)  
  20  6:45  Probe x2 (Chrono Boost)  
  22  7:01  Pylon  
Tags
 
Add a new tag
Caveats
  • Supply blocks, unpowered buildings, or Contaminate may cause inaccurate times.
  • Supply counts are checked every 10 seconds.